[Event "Early-Titled-Tuesday-Blitz-May-14-2024"]
[Site "Chess.com"]
[Date "2024.05.14"]
[Round "3"]
[White "The_Machine04"]
[Black "Eliwood44"]
[Result "1-0"]
[WhiteElo "2668"]
[BlackElo "2458"]
[TimeControl "180+1"]
[EndTime "8:27:45 PDT"]
[Termination "The_Machine04 won by resignation"]

1. d4 Nf6 2. Nf3 e6 3. Nbd2 d5 4. e3 b6 5. Ne5 Bb7 6. f4 Be7 7. Bd3 O-O 8. Qf3 Nbd7 9. O-O c5 10. c3 g6 11. g4 Nxe5 12. fxe5 Nd7 13. Qg3 f6 14. exf6 Nxf6 15. Nf3 Bd6 16. Ne5 Bxe5 17. Qxe5 Qe7 18. h3 Nd7 19. Qg3 Rxf1+ 20. Bxf1 e5 21. Bd2 Rf8 22. Bg2 e4 23. Rf1 Rxf1+ 24. Bxf1 Nf8 25. Be1 g5 26. Qb8 Bc6 27. Bg3 Qb7 28.
Qd8 h6 29. Qf6 Ba4 30. Qxh6 Qg7 31. Qd6 Qf7 32. dxc5 bxc5 33. Qxc5 Ng6 34. c4 Bc2 35. Qxd5 1-0

[Event "Early-Titled-Tuesday-Blitz-May-14-2024"]
[Site "Chess.com"]
[Date "2024.05.14"]
[Round "3"]
[White "Aemulus20"]
[Black "InitiatingASC"]
[Result "1-0"]
[WhiteElo "2634"]
[BlackElo "2426"]
[TimeControl "180+1"]
[EndTime "8:27:45 PDT"]
[Termination "Aemulus20 won by resignation"]

1. e4 e5 2. Nf3 Nf6 3. d4 Nxe4 4. Bd3 d5 5. Nxe5 Be7 6. O-O O-O 7. c4 Nf6 8. Nc3 Nc6 9. Nxc6 bxc6 10. c5 Bg4 11. Qa4 Qd7 12. Bf4 Nh5 13. Be3 f5 14.
Nxd5 f4 15. Qxc6 fxe3 16. Qxd7 Bxd7 17. Nxe7+ Kf7 18. Nd5 exf2+ 19. Rxf2+ Kg8 20. Rxf8+ Rxf8 21. Rf1 Rc8 22. Ne7+ 1-0

[Event "Early-Titled-Tuesday-Blitz-May-14-2024"]
[Site "Chess.com"]
[Date "2024.05.14"]
[Round "3"]
[White "SanchezKelvin"]
[Black "SidArun"]
[Result "0-1"]
[WhiteElo "2607"]
[BlackElo "2347"]
[TimeControl "180+1"]
[EndTime "8:27:47 PDT"]
[Termination "SidArun won by resignation"]

1. d4 d5 2. c4 e6 3. Nc3 c6 4.
Nf3 dxc4 5. g3 b5 6. Bg2 a6 7.
O-O Bb7 8. b3 cxb3 9. Qxb3 Nf6 10.
Be3 Be7 11. a4 b4 12. a5 Nd5 13. Ne4 Nd7 14. Rfc1 O-O 15. Bd2 Rc8 16. h4 c5 17.
dxc5 Nxc5 18. Nxc5 Bxc5 19. e4 Nf6 20. Rxc5 Rxc5 21. Bxb4 Rb5 22. Bf1 Rxb4 23. Qxb4 Bxe4 24. Ng5 Ba8 25. Bxa6 Qd5 26. f3 h6 27. Ne4 Nxe4 28. fxe4 Qe5 29. Ra3 Bxe4 30. Bf1 Rb8 31. Qc3 Qd5 32.
a6 Ra8 33. a7 Kh7 34. Qb2 Qc5+ 35. Kh2 Rxa7 36. Rxa7 Qxa7 37. Qe5 Qf2+ 0-1

[Event "Early-Titled-Tuesday-Blitz-May-14-2024"]
[Site "Chess.com"]
[Date "2024.05.14"]
[Round "3"]
[White "djano"]
[Black "Nikita_Klepikov"]
[Result "1-0"]
[WhiteElo "2531"]
[BlackElo "2319"]
[TimeControl "180+1"]
[EndTime "8:27:47 PDT"]
[Termination "djano won by resignation"]

1. e4 c5 2. Nc3 Nc6 3. f4 g6 4. Nf3 Bg7 5. a4 Nf6 6. e5 Ng4 7. Bc4 O-O 8. h3 Nh6 9. O-O d6 10.
Qe1 dxe5 11. fxe5 Nd4 12. Bd3 Nxf3+ 13. Rxf3 Qd4+ 14. Kh1 Qxe5 15. Re3 Qh5 16. Be2 Qg5 17. Ne4 Qd5 18. Bf3 Nf5 19. Nf6+ Bxf6 20. Bxd5 Nxe3 21. dxe3 e6 22. Bf3 Rb8 23. e4 b6 24. Bh6 Rd8 25.
e5 Be7 26. Rd1 Bb7 27. Bxb7 Rxd1 28. Qxd1 Rxb7 29. Qf3 1-0

[Event "Early-Titled-Tuesday-Blitz-May-14-2024"]
[Site "Chess.com"]
[Date "2024.05.14"]
[Round "3"]
[White "NewYearGirl"]
[Black "cmunda"]
[Result "1-0"]
[WhiteElo "2383"]
[BlackElo "2140"]
[TimeControl "180+1"]
[EndTime "8:27:49 PDT"]
[Termination "NewYearGirl won by resignation"]

1. e4 c5 2. Nf3 Nc6 3. d4 cxd4 4.
Nxd4 e6 5. Nc3 Nf6 6. Ndb5 Bb4 7. a3 Bxc3+ 8. Nxc3 d5 9. exd5 exd5 10. Bd3 O-O 11. O-O h6 12. h3 Ne5 13. Bf4 Nxd3 14. Qxd3 Be6 15. Rfe1 Re8 16. Rad1 a6 17. Be5 Nd7 18. Bd4 Qg5 19. Re3 Bf5 20. Qe2 Rxe3 21. Bxe3 Qh4 22. Nxd5 Re8 23. Qf3 Bxc2 24. Rd4 Be4 25. Qd1 Nf6 26.
Nc3 1-0

[Event "Early-Titled-Tuesday-Blitz-May-14-2024"]
[Site "Chess.com"]
[Date "2024.05.14"]
[Round "3"]
[White "Pomegranate988"]
[Black "th3d4rkness"]
[Result "1-0"]
[WhiteElo "2644"]
[BlackElo "2184"]
[TimeControl "180+1"]
[EndTime "8:27:50 PDT"]
[Termination "Pomegranate988 won on time"]

1. Nf3 Nf6 2. g3 g6 3. Bg2 Bg7 4. O-O O-O 5. d4 d6 6. a4 a6 7.
Nc3 Nc6 8. d5 Nb8 9. a5 e6 10. e4 exd5 11. exd5 Bf5 12. h3 Ne4 13. Ne2 h5 14. Ned4 Bc8 15. Re1 f5 16. Rxe4 fxe4 17. Ng5 Qf6 18. Nde6 Qxf2+ 19. Kh2 Bxe6 20. Nxe6 Be5 21.
Ra3 Rf7 22. Ng5 Rf3 23. Nxe4 Bxg3+ 24. Kh1 1-0

[Event "Early-Titled-Tuesday-Blitz-May-14-2024"]
[Site "Chess.com"]
[Date "2024.05.14"]
[Round "3"]
[White "bescmelasti"]
[Black "Acva-Alenok"]
[Result "1-0"]
[WhiteElo "2620"]
[BlackElo "2364"]
[TimeControl "180+1"]
[EndTime "8:27:51 PDT"]
[Termination "bescmelasti won by resignation"]

1. e4 c6 2. d4 d5 3. exd5 cxd5 4. Bd3 Nc6 5. c3 Nf6 6. h3 g6 7. Nf3 Bf5 8. Be2 Bg7 9. O-O O-O 10. Bf4 Rc8 11. Nbd2 Na5 12. Re1 Qb6 13. b4 Nc4 14. Nxc4 dxc4 15. Ne5 Nd5 16. Qd2 Nxf4 17. Qxf4 Be6 18. a4 Bd5 19. a5 Qb5 20. Bf3 e6 21.
h4 h5 22. g4 hxg4 23. Bxg4 Bc6 24. h5 gxh5 25. Bxh5 f6 26. Nxc6 Rxc6 27. Bf3 Rc7 28. Qxc7 1-0

[Event "Early-Titled-Tuesday-Blitz-May-14-2024"]
[Site "Chess.com"]
[Date "2024.05.14"]
[Round "3"]
[White "RobertoJBM"]
[Black "meoluoi91"]
[Result "0-1"]
[WhiteElo "2843"]
[BlackElo "2576"]
[TimeControl "180+1"]
[EndTime "8:27:52 PDT"]
[Termination "meoluoi91 won by resignation"]

1. d4 d5 2. Nf3 Nf6 3. e3 g6 4.
Be2 Bg7 5. O-O O-O 6. b3 c5 7. Bb2 cxd4 8. Nxd4 Nc6 9. c4 dxc4 10. Nxc6 bxc6 11. Qxd8 Rxd8 12. Bxc4 a5 13. Rc1 a4 14. Kf1 Ng4 15. Bxg7 Kxg7 16. h3 Ne5 17. Ke1 axb3 18. Bxb3 Nd3+ 19. Kd2 Nxc1+ 20. Kxc1 c5 21. Nd2 Bb7 22.
f3 Ba6 23. Bc2 Bd3 24. a4 c4 25. Nb1 Bf1 26. g3 Bxh3 27. Nc3 Bf1 28. a5 Ra6 29. Be4 Rb8 30. Kc2 Bd3+ 31. Bxd3 cxd3+ 32. Kxd3 Rba8 33. Nd5 e6 34. Nf4 Rxa5 35. Rb1 Ra3+ 36. Ke4 R8a4+ 0-1

[Event "Early-Titled-Tuesday-Blitz-May-14-2024"]
[Site "Chess.com"]
[Date "2024.05.14"]
[Round "3"]
[White "Darko-Dimitrijevic"]
[Black "RedFirePanda"]
[Result "0-1"]
[WhiteElo "2212"]
[BlackElo "2468"]
[TimeControl "180+1"]
[EndTime "8:27:54 PDT"]
[Termination "RedFirePanda won by resignation"]

1. c4 Nf6 2. b3 d5 3. Bb2 Bf5 4. g3 e6 5. Bg2 c6 6. d3 Be7 7.
Nd2 O-O 8. Qc2 Nbd7 9. e4 dxe4 10. dxe4 Bg6 11. Ngf3 Nc5 12. Ne5 Bd6 13. Nxg6 hxg6 14.
e5 Bxe5 15. Bxe5 Nd3+ 16. Ke2 Nxe5 17. f4 Ned7 18. Nf3 Qc7 19. Rhd1 e5 20. f5 e4 21. Ng1 gxf5 22. Bh3 Qe5 23. Rab1 Nc5 24. Kf1 Nd3 25. Ne2 f4 26. Nxf4 Nxf4 27. gxf4 Qxf4+ 28. Kg1 Rad8 29. Qe2 e3 30. Rf1 Qg5+ 31. Kh1 Rd2 32. Qf3 Qe5 33. Qg3 Qxg3 34. hxg3 Ne4 35. Rf3 e2 36. Re1 Rd1 0-1

[Event "Early-Titled-Tuesday-Blitz-May-14-2024"]
[Site "Chess.com"]
[Date "2024.05.14"]
[Round "3"]
[White "Witik"]
[Black "chesslh93"]
[Result "1-0"]
[WhiteElo "2764"]
[BlackElo "2335"]
[TimeControl "180+1"]
[EndTime "8:27:55 PDT"]
[Termination "Witik won by resignation"]

1. d4 d5 2. Nf3 Nf6 3. Bf4 c5 4. e3 Nc6 5. Nbd2 Qb6 6. dxc5 Qxb2 7. Rb1 Qc3 8. Bb5 e6 9. Ne5 Bd7 10. Nxd7 Nxd7 11. e4 Bxc5 12. exd5 exd5 13. Qe2+ Kf8 14.
O-O Re8 15. Qd1 Qf6 16. Bg3 g6 17. Nf3 Nb6 18. a4 Kg7 19. a5 Nxa5 20. Bxe8 Rxe8 21. Re1 Rxe1+ 22. Qxe1 Qe6 23. Qxa5 1-0

[Event "Early-Titled-Tuesday-Blitz-May-14-2024"]
[Site "Chess.com"]
[Date "2024.05.14"]
[Round "3"]
[White "snowlord"]
[Black "SaqoChess_Twitch"]
[Result "1-0"]
[WhiteElo "2933"]
[BlackElo "2681"]
[TimeControl "180+1"]
[EndTime "8:27:56 PDT"]
[Termination "snowlord won by resignation"]

1. Nf3 d5 2. e3 e6 3. c4 Nf6 4. Nc3 Be7 5. b3 c5 6. Bb2 dxc4 7. bxc4 Nc6 8. Be2 b6 9. O-O Bb7 10. d3 O-O 11. a3 h6 12. Nd2 Ne5 13. Qc2 Ng6 14.
Bf3 Bxf3 15. Nxf3 Qd7 16. a4 Rfd8 17. Rfd1 Qc6 18. a5 Ng4 19. axb6 axb6 20. Nb5 Rxa1 21.
Rxa1 Ra8 22. Qd1 Rxa1 23. Qxa1 Bf6 24. Bxf6 Nxf6 25. h3 Qb7 26. Ne5 Nxe5 27. Qxe5 Qa8 28. Qc7 Qa1+ 29. Kh2 Qf1 30. Nd6 Qxf2 31. Qxf7+ Kh7 32.
Qxe6 h5 33. Qf5+ Qxf5 34. Nxf5 Nd7 35. d4 g6 36. Ne7 cxd4 37. exd4 Kg7 38. Kg3 Kf7 39.
Nd5 g5 40. Kf3 Ke6 41. g3 Kd6 42. Nxb6 Nxb6 43. c5+ Kc6 44. cxb6 Kxb6 45. Ke4 Kc6 46. Kf5 Kd5 47. Kxg5 h4 48. gxh4 1-0

[Event "Early-Titled-Tuesday-Blitz-May-14-2024"]
[Site "Chess.com"]
[Date "2024.05.14"]
[Round "3"]
[White "briesmas"]
[Black "gau248"]
[Result "0-1"]
[WhiteElo "2326"]
[BlackElo "2604"]
[TimeControl "180+1"]
[EndTime "8:27:56 PDT"]
[Termination "gau248 won on time"]

1. e4 e5 2. Nf3 Nc6 3. Bb5 a6 4. Ba4 d6 5. O-O Bd7 6. Nc3 g6 7. d3 Bg7 8. Nd5 h6 9. Be3 Nge7 10.
Qd2 g5 11. c3 Nxd5 12. exd5 Ne7 13. Bxd7+ Qxd7 14. c4 f5 15. Qb4 b6 16. a4 a5 17. Qb5 Qxb5 18. axb5 Kd7 19. h3 f4 20. Bd2 Bf6 21. Rfe1 h5 22. d4 exd4 23. Re6 Raf8 24. Rae1 Nf5 25. h4 g4 26. Ng5 Nxh4 27. Bxf4 Ng6 28.
Bd2 Ne5 29. Ne4 Bd8 30. b3 h4 31. Bg5 h3 0-1

[Event "Early-Titled-Tuesday-Blitz-May-14-2024"]
[Site "Chess.com"]
[Date "2024.05.14"]
[Round "3"]
[White "Nechitaylo_Nikita"]
[Black "Zq1"]
[Result "0-1"]
[WhiteElo "2353"]
[BlackElo "2619"]
[TimeControl "180+1"]
[EndTime "8:27:58 PDT"]
[Termination "Zq1 won on time"]

1. d4 Nf6 2. c4 a6 3. Nc3 c5 4. d5 b5 5. cxb5 axb5 6. Nxb5 Qa5+ 7. Nc3 Bb7 8. e4 Nxe4 9. Bd2 Nxd2 10. Qxd2 g6 11. Nf3 Bg7 12. d6 Bxf3 13. gxf3 exd6 14. Qe3+ Kd8 15. O-O-O Bxc3 16. Qxc3 Qxc3+ 17. bxc3 Rxa2 18. Rd2 Rxd2 19. Kxd2 d5 20. Bb5 Nc6 21. Ra1 Kc7 22. Bxc6 Kxc6 23. Ra6+ Kc7 24. Ra7+ Kd6 25. Kd3 Rc8 26.
Ra6+ Rc6 27. Ra8 Ke7 28. Rh8 h5 29. h4 Rf6 30. Ke3 d4+ 31. Kd3 Rxf3+ 32. Ke4 Rxc3 33.
Kd5 Rf3 0-1

[Event "Early-Titled-Tuesday-Blitz-May-14-2024"]
[Site "Chess.com"]
[Date "2024.05.14"]
[Round "3"]
[White "Arteler"]
[Black "Lion-Al-Messi"]
[Result "1/2-1/2"]
[WhiteElo "2236"]
[BlackElo "2568"]
[TimeControl "180+1"]
[EndTime "8:27:59 PDT"]
[Termination "Game drawn by agreement"]

1. e4 e6 2. Nf3 d5 3. exd5 exd5 4. d4 Bg4 5. Bd3 Nc6 6. c3 Bd6 7. O-O Nge7 8. h3 Bh5 9. Bg5 Qd7 10. Nbd2 O-O-O 11. b4 f6 12. Bh4 g5 13. Bg3 Bg6 14. Qc2 Bxd3 15. Qxd3 Nf5 16. Bxd6 Nxd6 17. a4 h5 18. Nh2 g4 19. h4 f5 20. a5 a6 21.
Nb3 Ne4 22. Nc5 Qe7 23. Rfe1 Qxh4 24. Nxe4 fxe4 25. Qg3 Qxg3 26. fxg3 Ne7 27. Nf1 Nf5 28. Rab1 h4 29. gxh4 g3 30. Ne3 Nxh4 31. Rf1 Rdf8 32.
Nxd5 Nf3+ 33. gxf3 exf3 34. Ne7+ Kd7 35. Ng6 g2 36. Nxh8 1/2-1/2

[Event "Early-Titled-Tuesday-Blitz-May-14-2024"]
[Site "Chess.com"]
[Date "2024.05.14"]
[Round "3"]
[White "KINGOF2SOAP"]
[Black "Anu-triz"]
[Result "0-1"]
[WhiteElo "2416"]
[BlackElo "2289"]
[TimeControl "180+1"]
[EndTime "8:28:00 PDT"]
[Termination "Anu-triz won by checkmate"]

1. d4 Nf6 2. Nf3 d5 3. e3 e6 4. Bd3 c5 5. b3 cxd4 6. exd4 Nc6 7. a3 Be7 8. Bb2 O-O 9. O-O b6 10. Ne5 Bb7 11. f4 g6 12. Nd2 Rc8 13. g4 Nxe5 14.
fxe5 Ne4 15. Nxe4 dxe4 16. Be2 Bg5 17. c4 Be3+ 18. Kh1 f5 19. gxf5 Rxf5 20. Bg4 Rxf1+ 21. Qxf1 Bxd4 22. Bxe6+ Kh8 23. Bxd4 e3+ 24. Kg1 Qg5+ 25. Bg4 Qxg4+ 26. Qg2 Qxg2# 0-1

[Event "Early-Titled-Tuesday-Blitz-May-14-2024"]
[Site "Chess.com"]
[Date "2024.05.14"]
[Round "3"]
[White "Stanbad1"]
[Black "ZachHKL"]
[Result "1-0"]
[WhiteElo "2598"]
[BlackElo "2308"]
[TimeControl "180+1"]
[EndTime "8:28:03 PDT"]
[Termination "Stanbad1 won by resignation"]

1. d4 Nf6 2. Nc3 d5 3. Bf4 e6 4. Nb5 Na6 5. e3 Be7 6. Nf3 O-O 7. h3 c6 8. Nc3 Bd7 9. Ne5 Be8 10. Be2 Rc8 11.
O-O c5 12. Bxa6 bxa6 13. Re1 Qb6 14. Na4 Bxa4 15. b3 Be8 16. c4 dxc4 17. Nxc4 Qd8 18. dxc5 Bb5 19. Qxd8 Rfxd8 20. Nd6 Rxc5 21. Nb7 Nd5 22. Bg3 Rc2 23. Nxd8 Bxd8 24. a4 Bd3 25. Rad1 Ba5 26. Rxd3 Bxe1 27. e4 Rd2 28. Rxd2 Bxd2 29. exd5 exd5 30. Bb8 Kf8 31. Bxa7 Ke7 32. Kf1 Kd6 33.
Bd4 f6 34. Ke2 Bf4 35. Kd3 Be5 36. g3 a5 37. Bb6 Kc6 38. Bxa5 Kc5 39. Bc3 d4 40.
b4+ Kb6 41. Bxd4+ 1-0

[Event "Early-Titled-Tuesday-Blitz-May-14-2024"]
[Site "Chess.com"]
[Date "2024.05.14"]
[Round "3"]
[White "akanga001"]
[Black "AniJak"]
[Result "0-1"]
[WhiteElo "2152"]
[BlackElo "2390"]
[TimeControl "180+1"]
[EndTime "8:28:03 PDT"]
[Termination "AniJak won by checkmate"]

1. d4 d5 2. c4 c6 3. Nc3 Nf6 4. e3 e6 5. Nf3 Nbd7 6. cxd5 exd5 7. Bd3 Bd6 8. h3 O-O 9. O-O Re8 10. Rb1 Nf8 11.
b4 Ne4 12. Bxe4 dxe4 13. Nd2 Bf5 14. Qh5 Bg6 15. Qg4 f5 16. Qe2 Bc7 17. g3 Re6 18.
Nc4 Rf6 19. Kg2 Ne6 20. Ne5 Qe8 21. Qc4 Kh8 22. b5 Ng5 23. bxc6 bxc6 24. Rb7 Bxe5 25. dxe5 Qxe5 26. Bb2 Qe6 27. Qb4 f4 28. exf4 Qxh3+ 29. Kg1 Nf3# 0-1

[Event "Early-Titled-Tuesday-Blitz-May-14-2024"]
[Site "Chess.com"]
[Date "2024.05.14"]
[Round "3"]
[White "CSB7"]
[Black "Msb2"]
[Result "0-1"]
[WhiteElo "2770"]
[BlackElo "3061"]
[TimeControl "180+1"]
[EndTime "8:28:04 PDT"]
[Termination "Msb2 won by resignation"]

1. d4 d5 2. c4 e6 3. Nc3 Bb4 4. Nf3 Nf6 5. Qa4+ Nc6 6. a3 Bxc3+ 7. bxc3 Bd7 8. Qc2 Na5 9. cxd5 exd5 10. Bg5 h6 11.
Bh4 Rc8 12. e3 c5 13. Bd3 cxd4 14. exd4 O-O 15. O-O Qb6 16. Ne5 Be6 17. Rab1 Qc7 18. Rfc1 Nd7 19. Bg3 Nxe5 20. Bxe5 Qe7 21. Qa4 b6 22.
Qb4 Qg5 23. Ba6 Nc6 24. Qd6 Nxe5 25. Bxc8 Nc4 26. Qc7 Rxc8 27. Qxa7 Bh3 28. g3 Qf5 0-1

[Event "Early-Titled-Tuesday-Blitz-May-14-2024"]
[Site "Chess.com"]
[Date "2024.05.14"]
[Round "3"]
[White "yaguigor"]
[Black "Alexander_Donchenko"]
[Result "0-1"]
[WhiteElo "2582"]
[BlackElo "2876"]
[TimeControl "180+1"]
[EndTime "8:28:04 PDT"]
[Termination "Alexander_Donchenko won by resignation"]

1. e4 e5 2. Nf3 Nc6 3. Bb5 a6 4. Ba4 Nf6 5. O-O Be7 6. d3 b5 7.
Bb3 O-O 8. Nc3 d6 9. a3 h6 10. h3 Be6 11. Nd5 Nb8 12. Nxe7+ Qxe7 13. Bxe6 Qxe6 14. a4 Nbd7 15. Re1 c5 16. b3 Nb6 17. a5 Nbd7 18. c3 Rac8 19. Bb2 Rfd8 20. d4 Nf8 21. d5 Qd7 22. c4 Rb8 23. Bc1 Ng6 24. Nh2 bxc4 25. bxc4 Rb4 26. Qd3 Rdb8 27. Ra3 Nh5 28.
Bd2 Ra4 29. Rxa4 Qxa4 30. g3 Nf6 31. Ng4 Nxg4 32. hxg4 Rb3 33. Qe2 Rb2 34. Qd3 Qc2 35. Qxc2 Rxc2 36. Be3 Rxc4 37. f3 Rb4 38. Kf2 Kf8 39. Re2 Ke8 40. Rc2 Ne7 41. g5 h5 42.
Bd2 Rb3 43. Bc3 g6 44. Ke2 Nc8 45. Kd3 Na7 46. Kc4 Rb1 47. Rb2 Rxb2 48. Bxb2 f6 49.
f4 exf4 50. gxf4 h4 0-1

[Event "Early-Titled-Tuesday-Blitz-May-14-2024"]
[Site "Chess.com"]
[Date "2024.05.14"]
[Round "3"]
[White "MiguelBestard1981"]
[Black "Shuvalov"]
[Result "0-1"]
[WhiteElo "2330"]
[BlackElo "2558"]
[TimeControl "180+1"]
[EndTime "8:28:06 PDT"]
[Termination "Shuvalov won by checkmate"]

1. e4 e6 2. d4 d5 3. exd5 exd5 4.
c4 Nf6 5. Nf3 Be7 6. Bd3 dxc4 7.
Bxc4 O-O 8. O-O Nbd7 9. Nc3 Nb6 10. Bb3 c6 11. h3 Nfd5 12. Bc2 Be6 13. a3 h6 14. Qd3 Nf6 15. Ne5 Bd6 16. f4 Bxe5 17. fxe5 Bc4 18. Qf5 Bxf1 19. exf6 g6 20. Qxf1 Qxd4+ 21.
Kh1 Kh7 22. Ne2 Qc4 23. Qf4 Qxf4 24. Bxf4 Nd5 25. Bb3 Nxf6 26. Be5 Nd5 27. Bxd5 cxd5 28.
Bf6 Rfe8 29. Nd4 Rac8 30. Kg1 Re4 31. Kf2 Rf4+ 32. Ke3 Rxf6 33. b4 Rc3+ 34. Kd2 Rg3 35. Re1 Rf2+ 36. Kc1 Rxa3 37. Re7 Ra1# 0-1

[Event "Early-Titled-Tuesday-Blitz-May-14-2024"]
[Site "Chess.com"]
[Date "2024.05.14"]
[Round "3"]
[White "Hope_6"]
[Black "LileKoridze"]
[Result "1-0"]
[WhiteElo "2632"]
[BlackElo "2414"]
[TimeControl "180+1"]
[EndTime "8:28:07 PDT"]
[Termination "Hope_6 won by resignation"]

1. e4 c5 2. c3 Nf6 3. e5 Nd5 4. Nf3 e6 5. d4 cxd4 6. cxd4 Nc6 7. Bd3 d6 8. O-O Be7 9. Qe2 dxe5 10. dxe5 O-O 11. Rd1 Qc7 12. Nc3 Nxc3 13. bxc3 Rd8 14.
Bg5 Bxg5 15. Bxh7+ Kxh7 16. Nxg5+ Kg8 17. Qh5 Nxe5 18.
Qh7+ Kf8 19. Qh8+ Ke7 20. Qxg7 Rd5 21. f4 Nd3 22. Qxf7+ Kd6 23. Qf8+ Qe7 24. Ne4+ Kd7 25. Nf6+ Kd6 26. Qxe7+ Kxe7 27. Nxd5+ exd5 28. Rxd3 1-0

[Event "Early-Titled-Tuesday-Blitz-May-14-2024"]
[Site "Chess.com"]
[Date "2024.05.14"]
[Round "3"]
[White "tjychess"]
[Black "KogotBobra17"]
[Result "1-0"]
[WhiteElo "2945"]
[BlackElo "2687"]
[TimeControl "180+1"]
[EndTime "8:28:10 PDT"]
[Termination "tjychess won by resignation"]

1. d4 d5 2. c4 e6 3. Nc3 c6 4. Nf3 Nf6 5. Bg5 h6 6. Bh4 Be7 7. e3 O-O 8. Qc2 Ne4 9. Bxe7 Qxe7 10. Nxe4 dxe4 11. Nd2 f5 12. c5 b6 13. Rc1 Ba6 14.
Bxa6 Nxa6 15. a3 Rfd8 16. cxb6 axb6 17. Qxc6 e5 18. O-O exd4 19. exd4 Rab8 20. Qc4+ Kh8 21. Qxa6 Rxd4 22. Rc8+ Rxc8 23. Qxc8+ Rd8 24. Qc3 Qg5 25. Nc4 Rc8 26. Qd4 b5 27. Nd6 Rc7 28. Nxb5 Rc2 29.
Nd6 Kh7 30. Qe5 e3 31. Qxe3 1-0

[Event "Early-Titled-Tuesday-Blitz-May-14-2024"]
[Site "Chess.com"]
[Date "2024.05.14"]
[Round "3"]
[White "Grossboss19"]
[Black "DonkyDonkyDonkey"]
[Result "0-1"]
[WhiteElo "2633"]
[BlackElo "2912"]
[TimeControl "180+1"]
[EndTime "8:28:10 PDT"]
[Termination "DonkyDonkyDonkey won by resignation"]

1. c4 e5 2. Nf3 Nc6 3. Nc3 g6 4. g3 Bg7 5. Bg2 Nge7 6. O-O O-O 7. Ne1 d6 8. Nc2 Be6 9. Ne3 f5 10. Ned5 Bf7 11. d3 Nxd5 12. Nxd5 Ne7 13. Bg5 Bxd5 14. Bxd5+ Kh8 15. Bxb7 Rb8 16. Bf3 h6 17. Bxe7 Qxe7 18.
Rb1 g5 19. Bg2 g4 20. e3 Qg5 21. f4 exf4 22. exf4 Bd4+ 23. Kh1 Qf6 24. Re1 Rfe8 25. Qa4 Re7 26. b4 h5 27. Qa5 Rbe8 28. Rxe7 Rxe7 29. Qa4 h4 30. Bd5 hxg3 31. Qc2 Rh7 32. Re1 Rxh2+ 33.
Qxh2+ gxh2 34. Re8+ Kg7 35. Rg8+ Kh7 0-1

[Event "Early-Titled-Tuesday-Blitz-May-14-2024"]
[Site "Chess.com"]
[Date "2024.05.14"]
[Round "3"]
[White "Adar_07"]
[Black "FormerProdigy"]
[Result "0-1"]
[WhiteElo "2728"]
[BlackElo "2994"]
[TimeControl "180+1"]
[EndTime "8:28:12 PDT"]
[Termination "FormerProdigy won by resignation"]

1. e4 c6 2. d4 d5 3. Nc3 dxe4 4.
Nxe4 Nf6 5. Nxf6+ exf6 6. Bc4 Bd6 7. Qe2+ Qe7 8. Qxe7+ Kxe7 9. c3 Re8 10. Ne2 Bf5 11.
Bf4 Nd7 12. Bxd6+ Kxd6 13. Bxf7 Bd3 14. Bh5 Rxe2+ 15. Bxe2 Re8 16. Kd2 Bxe2 17. Rae1 Bh5 18. Rxe8 Bxe8 19. f3 Bf7 20. b3 b5 21. Re1 Nb6 22. Ra1 a5 23. Rb1 a4 24. g3 a3 25.
Re1 Nd5 26. c4 Nb4 27. Ra1 Bg6 28. Kc3 Nc2 29. Rd1 b4+ 30. Kd2 Nxd4 31. Ke3 c5 32. h4 Bc2 33. Rc1 Bxb3 34. axb3 Nxb3 35. Rd1+ Kc6 36.
Kd3 a2 37. Kc2 a1=Q 38. Rxa1 Nxa1+ 39. Kb2 Kd6 40. f4 h5 0-1

[Event "Early-Titled-Tuesday-Blitz-May-14-2024"]
[Site "Chess.com"]
[Date "2024.05.14"]
[Round "3"]
[White "Felix-Rose"]
[Black "KorolDimitriy75"]
[Result "0-1"]
[WhiteElo "2234"]
[BlackElo "2410"]
[TimeControl "180+1"]
[EndTime "8:28:13 PDT"]
[Termination "KorolDimitriy75 won by resignation"]

1. e4 c5 2. Nf3 d6 3. d4 cxd4 4. Nxd4 Nf6 5. Nc3 g6 6. Be3 Bg7 7.
f3 O-O 8. Qd2 Nc6 9. O-O-O d5 10.
Nxc6 bxc6 11. exd5 Nxd5 12. Bd4 e5 13. Bc5 Be6 14.
Ne4 Rb8 15. Bc4 Qc7 16. Bxf8 Bxf8 17. h4 Qb6 18. Bb3 a5 19. a4 Ne3 20. Rde1 Nxc2 21. Bxc2 Qxb2+ 22. Kd1 Bc4 23. Nf6+ Kg7 24. Nd7 Bb4 25.
Qc1 Qd4+ 0-1

[Event "Early-Titled-Tuesday-Blitz-May-14-2024"]
[Site "Chess.com"]
[Date "2024.05.14"]
[Round "3"]
[White "UF_10"]
[Black "juancruzarias"]
[Result "0-1"]
[WhiteElo "2491"]
[BlackElo "2693"]
[TimeControl "180+1"]
[EndTime "8:28:14 PDT"]
[Termination "juancruzarias won by resignation"]

1. e4 e6 2. d4 d5 3. Bd3 c5 4.
Nf3 cxd4 5. Nxd4 e5 6. Nf3 dxe4 7. Bb5+ Bd7 8. Bxd7+ Nxd7 9. Ng5 Ngf6 10. Nc3 Bb4 11. Bd2 Bxc3 12. Bxc3 h6 13. Nh3 O-O 14. O-O Re8 15.
Re1 Nb6 16. Qe2 Qd5 17. b3 Qc5 18. Bb2 Nbd5 19. Bc1 Rac8 20. c4 Nb4 21. Be3 Qc7 22.
f3 exf3 23. Qxf3 Nc2 24. Bxh6 Nxe1 25. Rxe1 e4 26. Qf5 Qc5+ 27. Qxc5 Rxc5 28. Be3 Rcc8 29. Nf2 a6 30. a4 Nd7 31. a5 Nc5 32. Bxc5 Rxc5 33. Nxe4 Rce5 0-1

[Event "Early-Titled-Tuesday-Blitz-May-14-2024"]
[Site "Chess.com"]
[Date "2024.05.14"]
[Round "3"]
[White "stepanosinovsky"]
[Black "Russian_berezka"]
[Result "0-1"]
[WhiteElo "2312"]
[BlackElo "2602"]
[TimeControl "180+1"]
[EndTime "8:28:14 PDT"]
[Termination "Russian_berezka won by resignation"]

1. e4 g6 2. g3 Bg7 3. Bg2 c5 4. f4 d6 5. Nf3 h5 6. O-O Nc6 7.
Nc3 Nh6 8. d3 O-O 9. f5 gxf5 10.
Nh4 fxe4 11. Qxh5 Bg4 12. Qg5 e5 13. dxe4 Qxg5 14. Bxg5 f6 15. Be3 Nd4 16. Rf2 Be6 17. Raf1 Ng4 18. Bxd4 cxd4 19. Nb5 Nxf2 20. Rxf2 Bh6 21.
Nc7 Be3 22. Nxe6 Bxf2+ 23. Kxf2 Rfc8 24. Kf3 Rxc2 25. Kg4 d3 26. Bf3 Kf7 27. Kf5 Rf2 28. g4 Rh8 29. g5 Rxh4 30. g6+ Ke7 31. g7 Rxf3+ 32. Kg6 Rg4+ 33. Kh7 Rh3+ 0-1

[Event "Early-Titled-Tuesday-Blitz-May-14-2024"]
[Site "Chess.com"]
[Date "2024.05.14"]
[Round "3"]
[White "RandomNoob04"]
[Black "sergoy"]
[Result "0-1"]
[WhiteElo "2749"]
[BlackElo "3020"]
[TimeControl "180+1"]
[EndTime "8:28:17 PDT"]
[Termination "sergoy won by resignation"]

1. e4 c5 2. d4 cxd4 3. c3 Nf6 4.
e5 Nd5 5. Nf3 e6 6. cxd4 d6 7. Bc4 Nc6 8. O-O Be7 9. Qe2 O-O 10. Qe4 Bd7 11. Bb3 Rc8 12. Nc3 Nxc3 13. bxc3 dxe5 14. dxe5 Qa5 15. Rd1 Rfd8 16. Bg5 h6 17.
Bxe7 Nxe7 18. Qxb7 Qxc3 19. Qxa7 Nf5 20. h3 Bb5 21.
Qb6 Rxd1+ 22. Rxd1 Be2 23. Rd8+ Kh7 24. Rxc8 Qxc8 25.
Qb4 Bxf3 26. gxf3 Qc1+ 27. Kg2 g5 28. Qe4 Kg7 29. f4 Nh4+ 30. Kh2 Qf1 31. Bc2 Qxf2+ 32.
Kh1 Nf5 33. Qg2 Qxg2+ 34. Kxg2 Ne3+ 35. Kf3 Nxc2 36. fxg5 hxg5 37. Ke4 Kg6 38. a4 Kh5 39. a5 Nb4 40. Ke3 Kh4 41. Kd2 Kxh3 42. Kc3 Na6 0-1

[Event "Early-Titled-Tuesday-Blitz-May-14-2024"]
[Site "Chess.com"]
[Date "2024.05.14"]
[Round "3"]
[White "capatl"]
[Black "Raskolnikov6"]
[Result "0-1"]
[WhiteElo "2621"]
[BlackElo "2443"]
[TimeControl "180+1"]
[EndTime "8:28:17 PDT"]
[Termination "Raskolnikov6 won on time"]

1. c4 Nf6 2. Nc3 c6 3. Nf3 d5 4. e3 g6 5. b3 Bg7 6. Bb2 O-O 7.
Rc1 Ne4 8. Qc2 Bf5 9. Bd3 Na6 10. a3 Nac5 11. Nd4 Bxd4 12. Bxe4 Bxc3 13. Qxc3 e5 14.
Bxf5 d4 15. exd4 exd4 16. Qg3 Qe7+ 17. Kf1 Rfe8 18. Bd3 Nxb3 19. Rd1 Nxd2+ 20. Kg1 Qe1+ 0-1